 Dungeon Crawl Stone Soup version 0.26-a0-146-g24f6d3962c (webtiles) character file.

Game seed: 2608902010323699702

100 Restia the Skirmisher (level 5, 0/42 HPs)
             Began as a Formicid Fighter on June 29, 2020.
             Shot with an arrow by a centaur (6 damage)
             ... on level 3 of the Dungeon.
             The game lasted 00:01:11 (1991 turns).

Restia the Skirmisher (Formicid Fighter)            Turns: 1991, Time: 00:01:12

Health: 0/42       AC:  6    Str: 22    XL:     5   Next: 3%
Magic:  5/5        EV:  8    Int:  7    God:
Gold:   133        SH:  9    Dex: 10    Spells: 4/4 levels left

rFire    . . .     SeeInvis +   a - +0 long sword
rCold    . . .     Faith    .   c - +0 kite shield
rNeg     . . .     Spirit   .   b - +0 scale mail
rPois    .         Reflect  .   (helmet unavailable)
rElec    .         Harm     .   (no cloak)
rCorr    .                      (no gloves)
MR       .....                  (no boots)
Stlth    ..........             (no amulet)
HPRegen  0.14/turn              (no ring)
MPRegen  0.09/turn              (no ring)

@: no status effects
A: permanent stasis, dig shafts and tunnels, four strong arms, antennae 3
a: Dig, Shaft Self


You were on level 3 of the Dungeon.
You were not hungry.

You visited 1 branch of the dungeon, and saw 4 of its levels.

You collected 133 gold pieces.

Inventory:

Hand Weapons
 a - a +0 long sword (weapon)
Armour
 b - a +0 scale mail (worn)
 c - a +0 kite shield (worn)
Jewellery
 i - a cursed ring of attention {unknown}
 k - a cursed amulet of inaccuracy {unknown}
Scrolls
 g - a scroll of magic mapping {unknown}
 h - 3 scrolls of identify {unknown}
 j - a scroll of teleportation {unknown}
 m - a scroll of immolation {unknown}
 n - a scroll of remove curse {unknown}
 p - a scroll of amnesia {unknown}
Potions
 d - 2 potions of might
 e - a potion of heal wounds {unknown}
 l - 2 potions of curing {unknown}
 q - a potion of brilliance {unknown}
 r - a potion of berserk rage {unknown}
 s - a potion of magic {unknown}
Comestibles
 f - 6 rations


   Skills:
 + Level 4.2 Fighting
 * Level 4.1 Long Blades
 - Level 3.2 Armour
 - Level 3.6 Shields


You had 4 spell levels left.
You didn't know any spells.
Your spell library was empty.

Dungeon Overview and Level Annotations

Branches:
Dungeon (4/15)
 Temple: D:4-7

Altars:


Innate Abilities, Weirdness & Mutations

You cannot be hasted, slowed, berserked, paralysed or teleported.
You can dig through walls and to a lower floor.
Your four strong arms can wield two-handed weapons with a shield.
You have a pair of large antennae on your head. (SInv)


Message History

The adder is moderately wounded.
The centaur wields a +0 shortbow.
The centaur shoots an arrow.
You block the arrow. You block the adder's attack.
The centaur shoots an arrow.
The arrow hits you. The adder bites you but does no damage.
You slash the adder!
You kill the adder!
You have reached level 5!
The centaur shoots an arrow.
You block the arrow.
The centaur shoots an arrow.
The arrow hits you!
The centaur shoots an arrow.
The arrow hits you!
You see here an arrow.
You are too injured to fight recklessly!
You extend your mandibles.
You dig through the rock wall.
An orc comes into view.
The orc shouts!
You hear a shout!
The centaur shoots an arrow.
The arrow hits you!
* * * LOW HITPOINT WARNING * * *
The centaur shoots an arrow.
The arrow hits you.
You die...

...... .#...# #
....>. o.8.. .
...... . .... .##
...... #.
##...####.. ......
...#.........
......
.8...8.....#.### .
.>..
....c..........#..
.. #.....##@#
#.... .
#......(#####....#
.
#$...##.(.....###
###.#####.†.....#
#........####...
#........#
#........#
#........#
#..)...).#


You could see a centaur and an orc.

Vanquished Creatures
  A worker ant (D:4)
  A gnoll (D:1)
  3 adders
  A worm (D:2)
  2 dart slugs
  2 ball pythons
  4 hobgoblins
  6 jackals
  5 bats
  5 frilled lizards
  4 kobolds
  A leopard gecko skeleton (D:4)
  2 rats
37 creatures vanquished.

Notes
Turn   | Place    | Note
-------+----------+-------------------------------------------
     0 | D:1      | Restia the Formicid Fighter began the quest for the Orb.
     0 | D:1      | Reached XP level 1. HP: 18/18 MP: 1/1
   185 | D:1      | Reached XP level 2. HP: 21/24 MP: 2/2
  1020 | D:2      | Reached XP level 3. HP: 29/30 MP: 3/3
  1472 | D:2      | Reached XP level 4. HP: 37/37 MP: 4/4
  1947 | D:3      | You fall into a shaft and drop 1 floor!
  1987 | D:3      | Noticed a centaur
  1989 | D:3      | Reached XP level 5. HP: 36/42 MP: 5/5
  1991 | D:3      | Shot with an arrow by a centaur

Illustrated notes

Levels and vault maps discovered:
D:1:      sevenhm_arrival_forest_fort_large_2, layout_loops_ring,
          wad_floor_pattern_2, patterned_corridor
D:2:      layout_basic
D:3:      layout_rooms, minmay_misc_feat_four_crosses
D:4:      layout_loops_ring, overflow_temple_1_default,
          ebering_ghost_reflecting_pool, trog_wizard

Skill      XL: |  1  2  3  4 |
---------------+-------------+-----
Long Blades    | 3 4 |  4.1
Fighting       | 4 |  4.2
Armour         | |  3.2
Shields        | |  3.6

Action                   |  1- 3 |  4- 6 || total
-------------------------+-------+-------++-------
Melee: Long sword        |    92 |    55 ||   147
 Abil: Dig               |       |     1 ||     1
  Eat: Chunk             |     2 |     2 ||     4
Armor: Scale mail        |    39 |    32 ||    71
Dodge: Dodged            |    24 |    28 ||    52
Block: Kite shield       |    43 |    33 ||    76
       Rpst.: Long sword |     6 |    11 ||    17

Table legend:
 A = Non-vault XP
 B = Vault XP
 C = Vault XP percentage of total XP
 D = Non-vault monster count
 E = Vault monster count
 F = Vault count percentage of total count
                 A         B        C        D         E       F
            +---------+---------+-------+---------+---------+-------
      Total |     143 |       0 |   0.0 |      37 |       0 |   0.0
            +---------+---------+-------+---------+---------+-------
        D:1 |      28 |       0 |   0.0 |      10 |       0 |   0.0
        D:2 |      44 |       0 |   0.0 |      18 |       0 |   0.0
        D:3 |      36 |       0 |   0.0 |       7 |       0 |   0.0
        D:4 |      35 |       0 |   0.0 |       2 |       0 |   0.0
            +---------+---------+-------+---------+---------+-------
